 Dungeon Crawl Stone Soup version 0.25-a0-713-g4845790874 (webtiles) character file.

Game seed: 2976204132310780895, levelgen mode: deterministic

804 mortelune the Cudgeler (level 8, 0/63 HPs)
             Began as a Formicid Abyssal Knight on Apr 5, 2020.
             Was a Believer of Lugonu.
             Succumbed to Dowan's poison
             ... on level 5 of the Dungeon.
             The game lasted 00:11:58 (4958 turns).

mortelune the Cudgeler (Formicid Abyssal Knight)    Turns: 4958, Time: 00:11:59

Health: 0/63       AC: 12    Str: 19    XL:     8   Next: 14%
Magic:  9/10       EV:  7    Int: 12    God:    Lugonu [**....]
Gold:   274        SH:  0    Dex: 10    Spells: 7/7 levels left

rFire    . . .     SeeInvis +   a - +2 whip (flame)
rCold    . . .     Gourm    .   (no shield)
rNeg     . . .     Faith    .   v - +1 chain mail
rPois    .         Spirit   .   (helmet unavailable)
rElec    .         Reflect  .   f - +0 cloak
rCorr    .         Harm     .   (no gloves)
MR       +....                  (no boots)
Stlth    ..........             (no amulet)
HPRegen  0.20/turn              g - ring of protection from magic
MPRegen  0.12/turn              (no ring)

@: mighty, brilliant, lethally poisoned (0 -> -27)
A: permanent stasis, dig shafts and tunnels, four strong arms, antennae 3,
blurry vision 1, MP-powered wands
a: Dig, Shaft Self, Depart the Abyss, Bend Space, Renounce Religion


You were on level 5 of the Dungeon.
You worshipped Lugonu.
Lugonu was pleased with you.
You were not hungry.

You visited 1 branch of the dungeon, and saw 7 of its levels.
You visited the Abyss 1 time.
You also visited: Sewer.

You collected 274 gold pieces.

Inventory:

Hand Weapons
 a - a +2 whip of flaming (weapon)
 b - a +1 hunting sling
 t - a +1 mace
Missiles
 d - 188 stones (quivered)
 h - 19 sling bullets
 A - 3 poisoned darts
Armour
 f - a +0 cloak (worn)
 v - a +1 chain mail (worn)
 B - a +2 leather armour of poison resistance
Jewellery
 g - a ring of protection from magic (left hand)
Wands
 p - a wand of acid (6)
 z - a wand of iceblast (4)
Scrolls
 m - a scroll of fog {unknown}
 o - a scroll of identify
 w - a scroll of enchant armour
 y - 3 scrolls of remove curse
Potions
 e - 3 potions of flight
 j - a potion of resistance
 k - 3 potions of stabbing
 n - a potion of ambrosia
 q - a potion of mutation
Comestibles
 c - 8 rations
 l - a chunk of flesh


   Skills:
 + Level 5.6 Fighting
 * Level 6.2 Maces & Flails
 + Level 5.0 Armour
 - Level 0.8 Dodging
 + Level 2.7 Invocations


You had 7 spell levels left.
You didn't know any spells.
Your spell library was empty.

Dungeon Overview and Level Annotations

Branches:
Dungeon (7/15)              Sewer (visited)
 Temple: D:4-7

Altars:

Annotations:
D:3 1 runed translucent door, bmj180's ghost, amateur DrCj
D:5 Dowan


Innate Abilities, Weirdness & Mutations

You cannot be hasted, slowed, berserked, paralysed or teleported.
You can dig through walls and to a lower floor.
Your four strong arms can wield two-handed weapons with a shield.
You have a pair of large antennae on your head. (SInv)
Scrolls take you a little longer to read.
You expend magic power (3 MP) to strengthen your wands.


Message History

You are more poisoned.
Dowan gestures wildly while chanting.
Dowan blinks!
The iguana barely misses you.
Unknown command.
* * * LOW HITPOINT WARNING * * *
You feel sick.
* * * LOW HITPOINT WARNING * * *
You feel sick. Dowan hits you but does no damage.
You are more poisoned.
The iguana bites you but does no damage.
Dowan hits you but does no damage.
You are more poisoned.
You hit Dowan. You burn Dowan.
Dowan is moderately wounded.
* * * LOW HITPOINT WARNING * * *
You feel sick. Dowan hits you but does no damage.
You are more poisoned.
You whack Dowan! You burn Dowan.
Dowan is almost dead.
You die...

......# .#
......# #.#
....... ..
......# #.# .....
##..# ...## #..#
....## ##e#
.....# #.@#
...#.# #l##
...#.# #####)#
...#..#####.....#
..............###
####..........# #
#..........#
####..........#
..............##


You could see Dowan and an iguana.

Vanquished Creatures
  A hungry ghost (D:7)
  Duvessa (D:5)
  A crocodile (Sewer)
  2 bullfrogs (D:6)
  2 scorpions
  A crimson imp (D:5)
  2 worker ants
  Natasha (D:4)
  4 gnolls (D:3)
  5 adders
  A river rat (D:5)
  2 oozes
  A worm (D:4)
  3 dart slugs
  3 leopard geckos
  An orc (D:3)
  A ball python (D:5)
  4 giant cockroaches
  3 goblins
  4 hobgoblins
  2 jackals (Sewer)
  11 kobolds
  8 bats
  3 frilled lizards
  A jackal zombie (D:6)
  14 rats
82 creatures vanquished.

Notes
Turn   | Place    | Note
-------+----------+-------------------------------------------
     0 | Abyss:1  | mortelune the Formicid Abyssal Knight began the quest for
                  | the Orb.
     0 | Abyss:1  | Reached XP level 1. HP: 18/18 MP: 2/2
    38 | Abyss:1  | Found a corrupted altar of Lugonu.
    42 | Abyss:1  | Noticed a ynoxinul
    42 | Abyss:1  | Noticed a wretched star
    43 | D:1      | Escaped the Abyss
   141 | D:1      | Reached XP level 2. HP: 11/24 MP: 3/3
   601 | D:1      | Reached * piety under Lugonu
   656 | D:1      | Reached XP level 3. HP: 29/29 MP: 4/4
  1381 | D:2      | Reached skill level 3 in Maces & Flails
  1726 | D:2      | Reached XP level 4. HP: 34/37 MP: 5/5
  2133 | D:2      | You fall into a shaft and drop 2 floors!
  2214 | D:4      | Reached XP level 5. HP: 33/42 MP: 6/6
  2379 | D:3      | Found a runed translucent door.
  2379 | D:3      | Noticed a black bear
  2379 | D:3      | Noticed bmj180's ghost (amateur DrCj)
  2819 | D:3      | Reached skill level 4 in Maces & Flails
  3187 | D:3      | Reached ** piety under Lugonu
  3749 | D:4      | Noticed an ogre
  3988 | D:4      | Noticed Natasha
  3993 | D:4      | Killed Natasha
  3993 | D:4      | Reached XP level 6. HP: 49/49 MP: 7/7
  4027 | D:4      | You fall into a shaft and drop 3 floors!
  4166 | D:6      | Noticed a hungry ghost
  4185 | D:7      | Killed a hungry ghost
  4185 | D:7      | Reached skill level 5 in Maces & Flails
  4185 | D:7      | Reached XP level 7. HP: 50/55 MP: 8/8
  4225 | D:6      | Reached skill level 5 in Fighting
  4437 | D:5      | Entered Level 5 of the Dungeon
  4472 | D:5      | Found a glowing drain.
  4524 | Sewer    | Entered a sewer
  4848 | Sewer    | Reached skill level 6 in Maces & Flails
  4914 | D:5      | Noticed Duvessa
  4919 | D:5      | Noticed Dowan
  4947 | D:5      | Killed Duvessa
  4947 | D:5      | Reached skill level 5 in Armour
  4947 | D:5      | Reached XP level 8. HP: 36/63 MP: 8/10
  4949 | D:5      | Gained mutation: Scrolls take you a little longer to read.
                  | [potion of mutation]
  4949 | D:5      | Gained mutation: You are agile. (Dex +2) [potion of
                  | mutation]
  4949 | D:5      | Lost mutation: You are agile. (Dex +2) [potion of mutation]
  4949 | D:5      | Gained mutation: You expend magic power (3 MP) to
                  | strengthen your wands. [potion of mutation]
  4955 | D:5      | HP: 3/63 [poisoned by Dowan]
  4958 | D:5      | Succumbed to Dowan's poison

Levels and vault maps discovered:
D:1:      dpeg_arrival_tiny_d, layout_basic, corexii_corridor_pit,
          minmay_rat_gold_closets
D:2:      layout_loops_cross
D:3:      layout_loops_cross, ebering_ghost_inner_flame
D:4:      layout_loops_ring, first_ration, uniq_natasha
D:5:      layout_rooms, vehumet_crystals, cheibrodos_sewer_entry_sluice,
          uniq_duvessa, uniq_sigmund
D:6:      layout_rooms, kennysheep_mini_moat, uniq_grinder
D:7:      layout_basic, lemuel_temple_firewalk_b, feat_on_display

Skill      XL: |  1  2  3  4  5  6  7 |
---------------+----------------------+-----
Maces & Flails | 3 4 5 6 |  6.2
Armour         | 3 4 5 |  5.0
Fighting       | 4 5 |  5.6
Dodging        | |  0.8
Invocations    | |  2.7

Action                   |  1- 3 |  4- 6 |  7- 9 || total
-------------------------+-------+-------+-------++-------
Melee: Mace              |    79 |    41 |    17 ||   137
       Whip              |       |    58 |    89 ||   147
 Fire: Hunting sling     |    21 |    26 |    10 ||    57
Throw: Stone             |     3 |       |       ||     3
Invok: Depart the Abyss  |     1 |       |       ||     1
  Use: Scroll            |       |     5 |     7 ||    12
       Potion            |       |       |     4 ||     4
  Eat: Chunk             |     1 |     7 |     2 ||    10
       Ration            |       |     1 |     1 ||     2
Armor: Leather armour    |    29 |     7 |       ||    36
       Ring mail         |       |    17 |       ||    17
       Chain mail        |       |    33 |    59 ||    92
Dodge: Dodged            |    64 |    41 |    23 ||   128

Table legend:
 A = Non-vault XP
 B = Vault XP
 C = Vault XP percentage of total XP
 D = Non-vault monster count
 E = Vault monster count
 F = Vault count percentage of total count
                 A         B        C        D         E       F
            +---------+---------+-------+---------+---------+-------
      Total |     839 |     310 |  27.0 |      64 |      18 |  22.0
            +---------+---------+-------+---------+---------+-------
        D:1 |      33 |       8 |  19.5 |      15 |       8 |  34.8
        D:2 |      61 |       0 |   0.0 |      17 |       0 |   0.0
        D:3 |     116 |       0 |   0.0 |      20 |       0 |   0.0
        D:4 |      41 |      33 |  44.6 |       3 |       1 |  25.0
        D:5 |      79 |     157 |  66.5 |       2 |       3 |  60.0
        D:6 |     260 |       0 |   0.0 |       5 |       0 |   0.0
        D:7 |     249 |       0 |   0.0 |       2 |       0 |   0.0
      Sewer |       0 |     112 | 100.0 |       0 |       6 | 100.0
            +---------+---------+-------+---------+---------+-------
